 Dungeon Crawl Stone Soup version 0.31-a0-1388-g4b2ba238e7 (webtiles) character file.

Game seed: 8174950870712261574

18232 grandjackal the Fighter (level 12, -4/99 HPs)
             Began as a Demonspawn Gladiator on Dec 24, 2023.
             Was an Elder of Kikubaaqudgha.
             Slain by an ogre
             ... wielding a +0 giant spiked club
              (28 damage)
             ... on level 1 of the Orcish Mines.
             The game lasted 00:17:50 (13066 turns).

grandjackal the Fighter (Demonspawn Gladiator)     Turns: 13066, Time: 00:17:51

Health: -4/99      AC:  8    Str: 15    XL:     12   Next: 25%
Magic:  12/12      EV: 30    Int: 11    God:    Kikubaaqudgha [****..]
Gold:   246        SH:  0    Dex: 17    Spells: 6/11 levels left

rFire   + . .        v - +7 Throatcutter {drain, coup de grace}
rCold   . . .        (no shield)
rNeg    + . .        I - +0 acid dragon scales
rPois   .            c - +0 helmet
rElec   .            j - +0 cloak
rCorr   +            (no gloves)
SInv    +            (no boots)
Will    +....        u - amulet of the acrobat Stlth
                     f - ring of see invisible
HPRegen 0.36/turn    K - ring "Nucallef" {rF+ rN+ Will+ Stlth-}
MPRegen 0.13/turn

%: acrobat
@: acrobatic
A: claws 2, foul stench 2, sturdy frame 1, demonic magic 2
a: Renounce Religion, Unearth Wretches


You were on level 1 of the Orcish Mines.
You worshipped Kikubaaqudgha.
Kikubaaqudgha was greatly pleased with you.
You visited 3 branches of the dungeon, and saw 15 of its levels.

You collected 766 gold pieces.
You spent 520 gold pieces at shops.

Inventory:

Hand Weapons
 a - a +0 long sword
 p - a +2 dagger of venom
 v - the +7 Throatcutter (weapon) {drain, coup de grace}
   (You found it on level 3 of the Dungeon)
Missiles
 d - 3 throwing nets
 e - 15 javelins
 k - 15 boomerangs (quivered)
Armour
 c - a +0 helmet (worn)
 j - a +0 cloak (worn)
 s - a scarf of repulsion
 I - +0 acid dragon scales (worn)
Jewellery
 f - a ring of see invisible (left claw)
 h - a ring of wizardry
 i - a ring of positive energy
 u - an amulet of the acrobat (around neck)
 K - the ring "Nucallef" (right claw) {rF+ rN+ Will+ Stlth-}
   (You acquired it on level 1 of the Dungeon)

   [ring of willpower]

   rF+:       It protects you from fire.
   rN+:       It protects you from negative energy.
   Will+:     It increases your willpower.
   Stlth-:    It makes you less stealthy.
 L - a ring of willpower
 M - an amulet of regeneration
Wands
 q - a wand of acid (6)
 D - a wand of polymorph (13)
 F - a wand of flame (27)
 N - a wand of roots (7)
Scrolls
 b - 4 scrolls of immolation
 l - a scroll of fear
 m - 3 scrolls of identify
 n - 4 scrolls of fog
 o - 7 scrolls of teleportation
 r - 2 scrolls of blinking
 y - 2 scrolls of enchant weapon
 J - 2 scrolls of enchant armour {unknown}
 O - a scroll of revelation {unknown}
Potions
 g - 2 potions of mutation
 w - 4 potions of attraction
 x - 4 potions of heal wounds
 z - 5 potions of curing
 A - a potion of resistance
 B - 4 potions of lignification
 C - 2 potions of cancellation
 E - 3 potions of haste
 G - 2 potions of enlightenment
 H - 2 potions of ambrosia
Miscellaneous
 t - a phantom mirror


   Skills:
 + Level 10.7 Fighting
 + Level 10.0 Long Blades
 - Level 2.0 Throwing
 - Level 7.0 Dodging
 + Level 9.5 Summonings
 + Level 8.4 Necromancy


You had 6 spell levels left.
You knew the following spells:

 Your Spells              Type           Power      Damage    Failure   Level
a - Sandblast             Erth           0%         2d4       36%         1
b - Summon Small Mammal   Summ           84%        N/A       1%          1
c - Vampiric Draining     Necr           18%        2d7       3%          3

Your spell library contained the following spells:

 Spells                   Type           Power      Damage    Failure   Level
 Necrotise                Necr           72%        1d7       1%          1
 Sublimation of Blood     Necr           18%        N/A       1%          2
 Call Canine Familiar     Summ           21%        N/A       2%          3
 Fugue of the Fallen      Necr           18%        N/A       3%          3
 Kiss of Death            Conj/Necr      36%        2d8       7%          1
 Dispel Undead            Necr           18%        3d11      12%         4
 Summon Guardian Golem    Hex/Summ       10%        N/A       17%         3
 Cigotuvi's Dreadful Rot  Necr/Alch/Air  12%        N/A       19%         2
 Agony                    Necr           18%        N/A       34%         5
 Magic Dart               Conj           0%         1d3       36%         1
 Slow                     Hex            0%         N/A       36%         1
 Animate Armour           Summ/Erth      20%        N/A       50%         4
 Passwall                 Alch/Erth      0%         N/A       52%         2
 Searing Ray              Conj           0%         2d4       52%         2
 Anguish                  Hex/Necr       4%         N/A       56%         4
 Confusing Touch          Hex            0%         N/A       75%         3
 Dazzling Flash           Conj/Hex       0%         N/A       75%         3
 Ozocubu's Armour         Ice            0%         N/A       75%         3
 Sigil of Binding         Hex            0%         N/A       75%         3
 Stone Arrow              Conj/Erth      0%         3d7       75%         3
 Volatile Blastmotes      Fire/Tloc      0%         2d10      75%         3
 Death Channel            Necr           9%         N/A       88%         6
 Borgnjor's Vile Clutch   Necr/Erth      4%         N/A       89%         5
 Brom's Barrelling Bould  Conj/Erth      0%         2d3       98%         4
 Fulminant Prism          Conj/Alch      0%         3d5       98%         4
 Manifold Assault         Tloc           0%         N/A       98%         4
 Starburst                Conj/Fire      0%         6d3       100%        6
 Lehudib's Crystal Spear  Conj/Erth      0%         10d2      100%        8
 Maxwell's Capacitive Co  Air            0%         ∞         100%        8


Dungeon Overview and Level Annotations

Branches:
Dungeon (12/15)            Temple (1/1) D:4            Lair (0/5) D:11
    Orc (2/2) D:10
    Elf: Orc:2

Altars:
Ashenzari
Cheibriados
Dithmenos
Fedhas
Gozag
Hepliaklqana
Kikubaaqudgha
Makhleb
Nemelex Xobeh
Okawaru
Qazlal
Ru
Sif Muna
Trog
Uskayaw
Vehumet
Wu Jian
Xom
Yredelemnul

Shops:
D:1 ?[??

Annotations:
D:9 3 runed translucent doors, RockinRobin's ghost, novice TrFi; olddryhag's ghost, novice DsGl
D:10 2 transporters


Innate Abilities, Weirdness & Mutations

You have very sharp fingernails.
You sometimes emit foul miasma when damaged in melee.
Your movements are slightly less encumbered by armour. (ER -2)
Spells you cast may paralyse nearby enemies.


Message History

Kikubaaqudgha accepts your kill.
The orc knight roars a battlecry!
The orcs go into a battle-frenzy!
The orc closely misses you.
Unknown command.
You barely miss the orc. The orc hits you but does no damage.
Unknown command.
The warg closely misses you.
The ogre hits you with a +0 giant spiked club!
You emit a cloud of foul miasma!
The orc closely misses you.
You climb upwards.
There is a stone staircase leading down here.
You hit the warg.
The warg is lightly wounded.
The warg bites you!
You emit a cloud of foul miasma!
The warg is engulfed in dark miasma.
The warg misses you.
You hit the warg. You drain the warg.
The warg is moderately wounded.
The ogre hits you with a +0 giant spiked club!
The warg is engulfed in dark miasma.
The warg bites you! The orc hits you with a +0 dagger.
You hit the warg but do no damage.
The warg is heavily wounded.
The warg is engulfed in dark miasma.
The warg completely misses you. The orc closely misses you.
The ogre barely misses you.
You completely miss the warg.
The warg is severely wounded.
The warg is engulfed in dark miasma.
The warg seems to slow down.
The warg stops to sniff the ground.
The warg bites you!
The warg is engulfed in dark miasma.
The warg is poisoned.
The warg seems to slow down.
The warg bites you!
* * * LOW HITPOINT WARNING * * *
The orc hits you with a +0 dagger.
* * * LOW HITPOINT WARNING * * *
The warg is engulfed in dark miasma.
The warg seems to slow down.
The warg attacks as it pursues you! The warg completely misses you.
The ogre attacks as it pursues you!
The ogre hits you with a +0 giant spiked club!!
You die...
Kikubaaqudgha rasps: "You have failed me!
Welcome... death!"

#.## #...#...#......## ...##
##.###..#......# #...## ###
###...##...#..#.##
##.#.###.###.....##.........##
#.....#...#.[...........#....#
##.#.###.#).[.[.........##...##
#.#...#..)#.#[............#...#
.......#..####...............##
..#....#.....#..@............#
###.............oOh☼......#..##
####...#..........>.......#...#
.##....##....................##
.......#.....................##
........#..#..................#
.......##...#.....#........#.##
#......##................[.###
##.#....##...............[<.#


You could see a warg (poisoned, slow, drained), an ogre and an orc (strong).

Vanquished Creatures
  Josephine (D:10)
  A boulder beetle (D:12)
  4 two-headed ogres
  2 orc sorcerers (Orc:1)
  3 manticores
  2 cyclopes
  2 gargoyles
  3 kobold demonologists (D:11)
  4 trolls
  A hornet (D:7)
  6 slime creatures
  A shadow (D:11)
  A wyvern (D:10)
  5 wraiths (D:10)
  A warg (Orc:1)
  14 yaks
  5 vampire mosquitoes
  A basilisk (D:12)
  2 steam dragons
  2 acid dragons
  Duvessa (D:4)
  4 orc warriors
  A black bear (D:7)
  An ice beast (D:7)
  A sky beast (D:7)
  An ogre (D:10)
  A centaur (D:9)
  10 kobold brigands
  3 phantoms
  3 bullfrogs
  4 scorpions
  8 wights
  Dowan (D:4)
  10 killer bees
  5 howler monkeys
  A hound (D:6)
  4 jellies
  4 orc priests
  A gnoll bouda (D:7)
  A sleepcap (D:4)
  An iguana (D:5)
  6 orc wizards
  Terence (D:2)
  13 gnolls
  7 adders
  2 white imps (D:8)
  4 ufetubi
  A worm (D:12)
  3 dart slugs
  34 orcs
  4 bats
  4 endoplasms
  A giant cockroach (D:1)
  6 hobgoblins
  9 jackals
  44 kobolds
  A quokka (D:4)
  3 ball pythons
  3 frilled lizards
  6 goblins
  8 rats
287 creatures vanquished.

Notes
Turn   | Place    | Note
-------+----------+-------------------------------------------
     0 | D:1      | grandjackal the Demonspawn Gladiator began the quest for
                  | the Orb.
     0 | D:1      | Reached XP level 1. HP: 16/16 MP: 1/1
    56 | D:1      | Found Ottuqeco's Magic Scroll Shop.
    92 | D:1      | Gained mutation: Spells you cast may paralyse adjacent
                  | enemies. [demonic ancestry]
    92 | D:1      | Reached XP level 2. HP: 16/22 MP: 2/2
   164 | D:1      | Found Tehamap's Magic Scroll Shoppe.
   225 | D:1      | Found Dehisoam's Armour Shoppe.
   265 | D:1      | Found Daskueh's Magic Scroll Boutique.
   539 | D:1      | Gained mutation: You may rarely emit foul miasma when
                  | damaged in melee. [demonic ancestry]
   539 | D:1      | Reached XP level 3. HP: 27/28 MP: 3/3
   812 | D:2      | Noticed Terence
   823 | D:2      | Killed Terence
   900 | D:2      | Found a faded altar of an unknown god.
   920 | D:1      | Gained mutation: Spells you cast may paralyse nearby
                  | enemies. [demonic ancestry]
   920 | D:1      | Reached XP level 4. HP: 21/35 MP: 4/4
  1391 | D:3      | Learned a level 1 spell: Sandblast
  1525 | D:3      | Found the +7 Throatcutter {drain, coup de grace}
  1539 | D:3      | Reached XP level 5. HP: 41/41 MP: 5/5
  2230 | D:4      | Found a staircase to the Ecumenical Temple.
  2263 | D:4      | Noticed Duvessa
  2264 | D:4      | Noticed Dowan
  2269 | D:4      | Killed Duvessa
  2270 | D:4      | Gained mutation: Your movements are slightly less
                  | encumbered by armour. (ER -2) [demonic ancestry]
  2270 | D:4      | Reached XP level 6. HP: 37/48 MP: 6/6
  2274 | D:4      | Killed Dowan
  2344 | Temple   | Entered the Ecumenical Temple
  2435 | D:4      | Gained mutation: You have sharp fingernails. [demonic
                  | ancestry]
  2435 | D:4      | Reached XP level 7. HP: 47/55 MP: 7/7
  2449 | D:4      | Learned a level 1 spell: Summon Small Mammal
  2577 | D:4      | You fall into a shaft and drop 3 floors!
  2651 | D:5      | Entered Level 5 of the Dungeon
  2657 | D:5      | Reached skill level 5 in Fighting
  2657 | D:5      | Reached skill level 1 in Summonings
  2679 | D:5      | Reached skill level 5 in Long Blades
  2679 | D:5      | Reached skill level 5 in Dodging
  3253 | D:5      | Found an ancient bone altar of Kikubaaqudgha.
  3253 | D:5      | Found an iron altar of Okawaru.
  3257 | D:5      | Became a worshipper of Kikubaaqudgha
  3644 | D:6      | Noticed a steam dragon
  3649 | D:6      | Killed a steam dragon
  3650 | D:6      | Reached XP level 8. HP: 52/63 MP: 8/8
  3971 | D:7      | Found a radiant altar of Vehumet.
  4150 | D:7      | Noticed a hornet
  4158 | D:7      | Killed a hornet
  4343 | D:7      | Found a sacrificial altar of Ru.
  4401 | D:7      | Learned a level 3 spell: Vampiric Draining
  4417 | D:7      | Reached * piety under Kikubaaqudgha
  4417 | D:7      | Received a gift from Kikubaaqudgha
  4597 | D:7      | Reached XP level 9. HP: 70/71 MP: 9/9
  4992 | D:8      | Noticed a gargoyle
  4997 | D:8      | Killed a gargoyle
  5311 | D:8      | Reached skill level 5 in Summonings
  5628 | D:8      | Reached skill level 1 in Necromancy
  5926 | D:8      | Noticed a manticore
  5937 | D:8      | Killed a manticore
  6517 | D:9      | Noticed a two-headed ogre
  6526 | D:9      | Killed a two-headed ogre
  6526 | D:9      | Reached ** piety under Kikubaaqudgha
  6527 | D:9      | Gained mutation: You sometimes emit foul miasma when
                  | damaged in melee. [demonic ancestry]
  6527 | D:9      | Reached XP level 10. HP: 74/80 MP: 8/10
  7187 | D:9      | Noticed a two-headed ogre
  7196 | D:9      | Killed a two-headed ogre
  7319 | D:9      | Found a runed translucent gate.
  7320 | D:9      | Found a runed translucent gate.
  7321 | D:9      | Found a runed translucent gate.
  7487 | D:9      | Noticed olddryhag's ghost (novice DsGl)
  7487 | D:9      | Noticed RockinRobin's ghost (novice TrFi)
  7511 | D:10     | Entered Level 10 of the Dungeon
  7617 | D:10     | Reached skill level 5 in Necromancy
  8001 | D:10     | Noticed Josephine
  8021 | D:10     | Killed Josephine
  8022 | D:10     | Reached XP level 11. HP: 48/89 MP: 11/11
  8296 | D:10     | Found a staircase to the Orcish Mines.
  8329 | D:10     | Reached *** piety under Kikubaaqudgha
  8329 | D:10     | Received a gift from Kikubaaqudgha
  8801 | D:10     | Noticed Sonja
  8803 | D:10     | Sonja changed into Sonja the ogre
  8803 | D:10     | Noticed Sonja
  8810 | D:10     | Killed Sonja the ogre
  8893 | D:10     | Found a transporter.
  8941 | D:10     | Found a transporter.
  9182 | D:1      | Bought a scroll of acquirement for 520 gold pieces
  9182 | D:1      | Acquired the ring "Nucallef" {rF+ rN+ Will+ Stlth-}
  9639 | D:11     | Noticed a two-headed ogre
  9657 | D:11     | Killed a two-headed ogre
  9844 | D:11     | Found a staircase to the Lair.
 10497 | D:11     | Reached skill level 10 in Fighting
 10930 | D:12     | Noticed a boulder beetle
 10947 | D:12     | Killed a boulder beetle
 11053 | D:12     | Found a snail-covered altar of Cheibriados.
 11522 | D:11     | Reached **** piety under Kikubaaqudgha
 11708 | D:12     | Gained mutation: You have very sharp fingernails. [demonic
                  | ancestry]
 11708 | D:12     | Reached XP level 12. HP: 82/98 MP: 12/12
 11806 | D:12     | Noticed a two-headed ogre
 12245 | D:12     | Killed a two-headed ogre
 12687 | Orc:1    | Entered Level 1 of the Orcish Mines
 12844 | Orc:1    | Reached skill level 10 in Long Blades
 13051 | Orc:2    | Entered Level 2 of the Orcish Mines
 13066 | Orc:1    | Slain by an ogre

Illustrated notes

Levels and vault maps discovered:
D:1:      scummos_arrival_simple_crosswalls, layout_loops_cross, serial_shops,
          nicolae_shop_getting_attention, shop, nicolae_diamond_shop, shop
D:2:      layout_rooms, shapermc_ecumenical_altar_venn, uniq_terence
D:3:      layout_basic, minmay_statues_item
D:4:      layout_basic, temple_statues, kennysheep_minor_cross, uniq_duvessa
D:5:      layout_cave_pools, gammafunk_temple_overflow_elements,
          mainiacjoe_overflow_chevrons
D:6:      layout_loops_ring
D:7:      layout_basic, mainiacjoe_overflow_large_starburst,
          kennysheep_another_room
D:8:      layout_cave_pools, nicolae_houndstooth_variations
D:9:      layout_cave_pools, gammafunk_ghost_cemetery
D:10:     layout_small_grid, erik_orc_3, nicolae_diode_stairs, uniq_sonja,
          uniq_josephine
D:11:     layout_stronghold, lair_entry_dummy
D:12:     layout_small_grid, cheibrodos_worm_habitat
Temple:   sentei_temple_godly_chess
Orc:1:    layout_caves, serial_shops, nicolae_diamond_shop,
          regret_index_minedec_devilstone, nicolae_specific_store
Orc:2:    st_orc_elflike, layout_caves, uniq_nessos

Skill      XL: |  1  2  3  4  5  6  7  8  9 10 11 12 |
---------------+-------------------------------------+-----
Throwing       | 2 |  2.0
Long Blades    | 3 4 5 6 7 8 9 10 | 10.0
Dodging        | 3 4 5 6 7 |  7.0
Fighting       | 3 4 5 6 8 9 10 | 10.7
Summonings     | 2 4 6 7 9 |  9.5
Necromancy     | 3 5 7 8 |  8.4

Action                     |  1- 3 |  4- 6 |  7- 9 | 10-12 || total
---------------------------+-------+-------+-------+-------++-------
  Melee: Long sword        |   108 |    88 |   188 |   416 ||   800
         Punch             |     1 |     2 |     2 |     4 ||     9
   Cast: Summon Small Mamm |       |       |     1 |    19 ||    20
         Vampiric Draining |       |       |       |     3 ||     3
  Evoke: Wand              |       |       |     5 |     6 ||    11
    Use: Scroll            |       |       |    13 |     9 ||    22
   Stab: Distracted        |       |       |     1 |       ||     1
         Paralysed         |       |       |     2 |    19 ||    21
 Armour: Leather armour    |    50 |       |       |       ||    50
         Scale mail        |    10 |    55 |   133 |    78 ||   276
         Acid dragon scale |       |       |       |   209 ||   209
  Dodge: Dodged            |    80 |    63 |   187 |   445 ||   775

Table legend: (Time is in decaauts)
 A = Elapsed time spent in this place.
 B = Non-inter-level travel time spent in this place.
 C = Inter-level travel time spent in this place.
 D = Time resting spent in this place.
 E = Time spent auto-exploring this place.
 F = Levels seen in this place.
 G = Mean time per level.
                   A        B        C        D        E       F      G
               +--------+--------+--------+--------+--------+-----+--------+
         Total |  13193 |  12215 |    978 |   3186 |   6869 |  15 |  879.5 |
       Dungeon |  12807 |  11852 |    955 |   3186 |   6574 |  12 | 1067.2 |
        Temple |      9 |      9 |      0 |      0 |      0 |   1 |    9.0 |
  Orcish Mines |    375 |    353 |     22 |      0 |    295 |   2 |  187.5 |
               +--------+--------+--------+--------+--------+-----+--------+

Top non-repeatable levels by time:
    D:12: 1618 daAuts
    D:11: 1603 daAuts
     D:7: 1584 daAuts
    D:10: 1317 daAuts
     D:8: 1297 daAuts
     D:9: 1221 daAuts
     D:1: 1002 daAuts
     D:3: 832 daAuts
     D:6: 708 daAuts
     D:5: 605 daAuts
     D:4: 519 daAuts
     D:2: 496 daAuts
   Orc:1: 367 daAuts
  Temple: 9 daAuts
   Orc:2: 8 daAuts
